 Dungeon Crawl Stone Soup version 0.31-a0-1540-g5a0b83f448 (webtiles) character file.

Game seed: 16584740922748961559

142 Laraso the Chopper (level 5, -2/45 HPs)
             Began as a Hill Orc Fighter on Jan 2, 2024.
             Slain by an ufetubus (3 damage)
             ... on level 6 of the Dungeon.
             The game lasted 00:02:38 (2048 turns).

Laraso the Chopper (Hill Orc Fighter)               Turns: 2048, Time: 00:02:39

Health: -2/45      AC:  8    Str: 19    XL:     5   Next: 25%
Magic:  5/5        EV:  9    Int:  8    God:
Gold:   123        SH:  4    Dex: 12    Spells: 4/4 levels left

rFire   . . .        a - +0 war axe
rCold   . . .        c - +0 buckler
rNeg    . . .        b - +0 scale mail
rPois   +            (no helmet)
rElec   .            o - +0 cloak
rCorr   .            (no gloves)
SInv    .            (no boots)
Will    .....        (no amulet) Stlth
                     g - ring of poison resistance
HPRegen 0.27/turn    (no ring)
MPRegen 0.09/turn

%: no passive effects
@: mighty
A: no striking features
a: no special abilities


You were on level 6 of the Dungeon.
You visited 1 branch of the dungeon, and saw 4 of its levels.

You collected 123 gold pieces.

Inventory:

Hand Weapons
 a - a +0 war axe (weapon)
Armour
 b - a +0 scale mail (worn)
 c - a +0 buckler (worn)
 o - a +0 cloak (worn)
Jewellery
 g - a ring of poison resistance (left hand)
Scrolls
 f - a scroll of fear {unknown}
 i - a scroll of summoning {unknown}
 j - 2 scrolls of blinking {unknown}
 k - a scroll of revelation {unknown}
 l - a scroll of enchant armour {unknown}
 m - a scroll of fog {unknown}
 n - a scroll of vulnerability {unknown}
Potions
 e - a potion of ambrosia {unknown}
 h - 2 potions of brilliance {unknown}


   Skills:
 - Level 3.6 Fighting
 * Level 7.0 Axes
 - Level 3.2 Armour
 - Level 3.2 Shields


You had 4 spell levels left.
You didn't know any spells.
Your spell library contained the following spells:

 Spells                   Type           Power      Damage    Failure   Level
 Sandblast                Erth           0%         2d4       85%         1
 Inner Flame              Hex/Fire       0%         N/A       99%         3
 Passwall                 Erth           0%         N/A       99%         3
 Stone Arrow              Conj/Erth      0%         3d7       99%         3
 Brom's Barrelling Bould  Conj/Erth      0%         2d3       100%        4
 Irradiate                Conj/Alch      0%         3d11      100%        5
 Ignition                 Fire           0%         3d3       100%        8


Dungeon Overview and Level Annotations

Branches:
Dungeon (3/15)

Altars:


Message History

You hit the ufetubus. The ufetubus hits you.
The ufetubus hits you but does no damage.
The ufetubus closely misses you.
The ufetubus hits you but does no damage.
You miss the ufetubus.
The ufetubus is lightly wounded.
You hit the ufetubus but do no damage.
The ufetubus hits you but does no damage.
The ufetubus barely misses you.
The ufetubus hits you but does no damage.
The ufetubus hits you.
The ufetubus hits you but does no damage. x4
The scorpion stings you but does no damage.
You closely miss the ufetubus.
The ufetubus is lightly wounded.
You hit the ufetubus. You hit the scorpion but do no damage.
The ufetubus misses you. The ufetubus closely misses you.
The ufetubus hits you but does no damage.
The ufetubus hits you. The scorpion barely misses you. The ufetubus hits you.
The ufetubus hits you but does no damage.
You block the ufetubus's attack. The ufetubus barely misses you.
You closely miss the ufetubus.
The ufetubus is heavily wounded.
You miss the ufetubus. You closely miss the scorpion.
The ufetubus hits you but does no damage.
The ufetubus hits you. The ufetubus misses you.
You block the ufetubus's attack.
The scorpion stings you but does no damage.
The ufetubus barely misses you. The ufetubus completely misses you.
The steam dragon breathes steam at you. The ball of steam hits you!!
* * * LOW HITPOINT WARNING * * *
The ufetubus hits you but does no damage. x2
The scorpion stings you.
* * * LOW HITPOINT WARNING * * *
You hear an angry growl.
Unknown command.
You feel very mighty all of a sudden. The ufetubus barely misses you.
The ufetubus hits you.
You die...

.. ## #.#.# #.##
#.).. ...## #....
....### #>#.##
....... #.#..#
..D.# #.#.#.#§§.#
#.#####.#.##@5..#
#....).....5s§..#
#######.##?#....#
######.##.#....#
#..............#
#.#######.####...
#.# #.# .##. #.#
... .. #.# #.# .


You could see a steam dragon (catching breath), a scorpion and 2 ufetubi.

Vanquished Creatures
  Jessica (D:2)
  2 gnolls (D:1)
  5 adders (D:2)
  2 dart slugs (D:2)
  An orc (D:6)
  4 endoplasms
  A giant cockroach (D:1)
  6 goblins
  5 hobgoblins
  4 jackals (D:2)
  4 kobolds
  A quokka (D:1)
  4 ball pythons
  3 bats
  A frilled lizard (D:2)
  5 rats
49 creatures vanquished.

Notes
Turn   | Place    | Note
-------+----------+-------------------------------------------
     0 | D:1      | Laraso the Hill Orc Fighter began the quest for the Orb.
     0 | D:1      | Reached XP level 1. HP: 19/19 MP: 1/1
    99 | D:1      | Reached skill level 3 in Axes
   263 | D:1      | Reached XP level 2. HP: 26/26 MP: 2/2
   424 | D:1      | Reached skill level 4 in Axes
   528 | D:1      | Reached XP level 3. HP: 30/31 MP: 3/3
   746 | D:1      | Reached skill level 5 in Axes
  1183 | D:2      | Reached XP level 4. HP: 35/39 MP: 4/4
  1305 | D:2      | Noticed Jessica
  1312 | D:2      | Killed Jessica
  1313 | D:2      | Reached skill level 6 in Axes
  1611 | D:2      | Reached XP level 5. HP: 43/45 MP: 5/5
  1914 | D:2      | Reached skill level 7 in Axes
  2016 | D:3      | You fall into a shaft and drop 3 floors!
  2043 | D:6      | Noticed a steam dragon
  2047 | D:6      | HP: 1/45 [scorpion (6)]
  2048 | D:6      | Slain by an ufetubus

Illustrated notes

Levels and vault maps discovered:
D:1:      minmay_arrival_open_corners, layout_loops_corners, moated_statue
D:2:      minmay_razor_zed, layout_basic, serial_curves, eino_curves_02,
          eino_curves_02, uniq_jessica
D:3:      layout_loops_cross, mainiacjoe_overflow_alcove_1, minmay_bisected
D:6:      layout_loops_ring, serial_shops, nicolae_diamond_shop,
          kennysheep_minor_cross, hangedman_abyss_or_decor_stabs

Skill      XL: |  1  2  3  4  5 |
---------------+----------------+-----
Axes           | 3 4 5 6 7 |  7.0
Fighting       | |  3.6
Armour         | |  3.2
Shields        | |  3.2

Action                     |  1- 3 |  4- 6 || total
---------------------------+-------+-------++-------
  Melee: War axe           |    57 |    78 ||   135
    Use: Potion            |       |     1 ||     1
 Armour: Scale mail        |    45 |    98 ||   143
  Dodge: Dodged            |    25 |    61 ||    86
  Block: Buckler           |    10 |    23 ||    33

Table legend: (Time is in decaauts)
 A = Elapsed time spent in this place.
 B = Non-inter-level travel time spent in this place.
 C = Inter-level travel time spent in this place.
 D = Time resting spent in this place.
 E = Time spent auto-exploring this place.
 F = Levels seen in this place.
 G = Mean time per level.
                   A        B        C        D        E       F      G
               +--------+--------+--------+--------+--------+-----+--------+
         Total |   2080 |   2058 |     22 |     56 |   1603 |   4 |  520.0 |
       Dungeon |   2080 |   2058 |     22 |     56 |   1603 |   4 |  520.0 |
               +--------+--------+--------+--------+--------+-----+--------+

Top non-repeatable levels by time:
     D:2: 1022 daAuts
     D:1: 1018 daAuts
     D:6: 34 daAuts
     D:3: 5 daAuts
